 Dungeon Crawl Stone Soup version 0.31-a0-675-g238779eb0a (webtiles) character file.

Game seed: 15156995199319634448

4089 Dirtsage the Grappler (level 10, -5/98 HPs)
             Began as a Troll Shapeshifter on Sept 6, 2023.
             Was a Believer of Uskayaw.
             Shot with an arrow by a centaur warrior (12 damage)
             ... on level 8 of the Dungeon.
             The game lasted 00:14:18 (5278 turns).

Dirtsage the Grappler (Troll Shapeshifter)          Turns: 5278, Time: 00:14:19

Health: -5/98      AC:  7    Str: 26    XL:     10   Next: 5%
Magic:  20/20      EV: 10    Int:  8    God:    Uskayaw [**....]
Gold:   479        SH:  0    Dex: 15    Spells: 9/9 levels left

rFire   . .          .
                       - Unarmed
rCold   . . .        (no shield)
rNeg    . . .        E - +0 steam dragon scales
rPois   .            (helmet currently unavailable)
rElec   .            (cloak currently unavailable)
rCorr   .            (gloves unavailable)
SInv    .            (boots unavailable)
Will    .....        (no amulet)
Stlth   +            D - +6 ring of dexterity
HPRegen 1.16/turn    y - ring of magical power
MPRegen 0.17/turn

%: no passive effects
@: beast-form
A: beast (slay +4), large, unfitting armour, claws 3, regeneration 1, shaggy fur
1, tough skin 1
a: Begin Untransformation, Renounce Religion, Stomp, Line Pass


You were on level 8 of the Dungeon.
You worshipped Uskayaw.
Uskayaw was noncommittal.
You were a hulking beast.
You visited 2 branches of the dungeon, and saw 9 of its levels.

You collected 479 gold pieces.

Inventory:

Missiles
 q - 3 curare-tipped darts
 v - 2 throwing nets
Armour
 a - a +0 animal skin
 p - a +0 cloak
 E - +0 steam dragon scales (worn)
Jewellery
 y - a ring of magical power (right claw)
 D - a +6 ring of dexterity (left claw)
Talismans
 c - a beast talisman (active)
 d - a flux talisman
 x - a serpent talisman
Wands
 j - a wand of charming (14)
 m - a wand of flame (25)
 z - a wand of polymorph (8)
 G - a wand of iceblast (11)
Scrolls
 f - 2 scrolls of immolation {unknown}
 g - 2 scrolls of revelation {unknown}
 h - a scroll of enchant weapon {unknown}
 n - a scroll of fear {unknown}
 o - 2 scrolls of vulnerability {unknown}
 t - 2 scrolls of fog {unknown}
 u - 3 scrolls of identify {unknown}
 w - a scroll of blinking {unknown}
 B - a scroll of teleportation {unknown}
Potions
 b - a potion of lignification
 e - a potion of heal wounds {unknown}
 i - 2 potions of ambrosia {unknown}
 k - a potion of haste {unknown}
 l - a potion of magic {unknown}
 r - a potion of cancellation {unknown}
 s - a potion of curing {unknown}
 A - a potion of brilliance {unknown}
 C - 2 potions of enlightenment {unknown}
 F - a potion of degeneration {unknown}


   Skills:
 + Level 6.2 Fighting
 - Level 1.5 Dodging
 + Level 4.1 Shields
 + Level 8.2 Unarmed Combat
 + Level 3.3 Invocations
 + Level 7.6 Shapeshifting


You had 9 spell levels left.
You didn't know any spells.
Your spell library contained the following spells:

 Spells                   Type           Power      Damage    Failure   Level
 Blink                    Tloc           0%         N/A       54%         2
 Lesser Beckoning         Tloc           0%         N/A       54%         2
 Momentum Strike          Conj/Tloc      0%         3d8       54%         2
 Animate Dead             Necr           0%         N/A       99%         4
 Borgnjor's Vile Clutch   Necr/Erth      0%         N/A       100%        5
 Death Channel            Necr           0%         N/A       100%        6


Dungeon Overview and Level Annotations

Branches:
Dungeon (8/15)             Temple (1/1) D:6
   Lair: D:8-11

Altars:
Ashenzari
Cheibriados
Dithmenos
Elyvilon
Fedhas
Gozag
Hepliaklqana
Kikubaaqudgha
Makhleb
Nemelex Xobeh
Okawaru
Qazlal
Ru
Sif Muna
Trog
Uskayaw
Vehumet
Wu Jian
Xom
Yredelemnul
Zin
The Shining One


Innate Abilities, Weirdness & Mutations

You are a hulking beast.
Your limbs bulge with bestial killing power. (Slay +4)
You are too large for most types of armour.
You have claws for hands.
Your natural rate of healing is unusually fast.
You are covered in fur. (AC +1)
You have tough skin. (AC +1)


Message History

You hear a shout!
You regained 2 hp, and now have 70/89 hp.
You claw the deep elf pyromancer!
The deep elf pyromancer is moderately wounded.
The fire elemental completely misses you.
You closely miss the deep elf pyromancer.
The deep elf pyromancer is moderately wounded.
A centaur warrior comes into view.
The deep elf pyromancer gestures wildly while chanting.
The fire elemental hits you. The fire elemental burns you!
You take 13 damage, and have 58/89 hp.
You barely miss the deep elf pyromancer.
The deep elf pyromancer is moderately wounded.
The deep elf pyromancer closely misses you.
The fire elemental hits you. The fire elemental burns you!
You take 9 damage, and have 49/89 hp.
You mangle the deep elf pyromancer!!
The deep elf pyromancer is severely wounded.
The deep elf pyromancer gestures at you while chanting.
The bolt of fire hits you!!
* * * LOW HITPOINT WARNING * * *
The fire elemental hits you. The fire elemental burns you!
* * * LOW HITPOINT WARNING * * *
You can now pass through a line of other dancers.
You take 31 damage, and have 18/89 hp.
MASSIVE DAMAGE!!
You mangle the deep elf pyromancer!!
You kill the deep elf pyromancer!
The fire elemental disappears in a puff of smoke! x2
Your Shields skill increases to level 4!
You have reached level 10!
You regained 3 hp, and now have 21/98 hp.
MP restored: 20 The centaur warrior wields a +0 orcbow.
The centaur warrior shoots an arrow.
The arrow hits you!
* * * LOW HITPOINT WARNING * * *
You take 16 damage, and have 5/98 hp.
Okay, then.
Okay, then.
The centaur warrior shoots an arrow.
The arrow hits you!
You die...

.### . #.# ...# . #.# #)
...###.. #.# #.. ......#
..# ... ...##.# #.# ...
...##.# ##.# ##e###
....#.### #..##.....##
...†....##### #..#.......#
#####..)....# #.h#.○.....#
####)...####.§)°.......
#...)#.........c......#
####....##.#.....§§....###
........##.#...........#
...........#...........#
........####.......#+#...
........# #.......# ...
.<......# #.......# ..


You could see a centaur warrior.

Vanquished Creatures
  A deep elf pyromancer (D:8)
  A hornet (D:7)
  Grinder (D:5)
  4 steam dragons
  Menkaure (D:6)
  A hornet zombie (D:7)
  3 black bears
  A sky beast (D:7)
  5 ogres
  A phantom (D:7)
  A kobold brigand (D:6)
  2 bullfrogs
  7 wights (D:7)
  A wyvern zombie (D:7)
  3 scorpions
  3 centaur zombies (D:7)
  A hound (D:6)
  3 jellies
  Crazy Yiuf (D:3)
  2 orc priests (D:8)
  Jessica (D:2)
  Ijyb (D:3)
  An iguana (D:6)
  A sleepcap (D:7)
  4 orc wizards
  A killer bee zombie (D:7)
  2 howler monkey zombies (D:7)
  Robin (D:2)
  6 adders
  11 gnolls
  A white imp (D:7)
  2 ufetubi
  2 worms
  2 dart slugs
  18 orcs
  3 endoplasms
  8 giant cockroaches
  13 goblins
  12 hobgoblins
  6 jackals
  13 kobolds
  3 quokkas
  7 ball pythons
  5 bats
  2 frilled lizards
  8 rats
177 creatures vanquished.

Notes
Turn   | Place    | Note
-------+----------+-------------------------------------------
     0 | D:1      | Dirtsage the Troll Shapeshifter began the quest for the
                  | Orb.
     0 | D:1      | Reached XP level 1. HP: 18/18 MP: 0/0
    71 | D:1      | Reached XP level 2. HP: 24/26 MP: 1/1
   143 | D:1      | Reached skill level 1 in Fighting
   230 | D:1      | Reached XP level 3. HP: 29/33 MP: 2/2
   678 | D:2      | Found a radiant altar of Vehumet.
   705 | D:2      | Noticed Robin
   735 | D:2      | Killed Robin
   736 | D:2      | Reached XP level 4. HP: 33/41 MP: 3/3
   852 | D:2      | Reached skill level 4 in Unarmed Combat
  1171 | D:2      | Noticed Jessica
  1182 | D:2      | Killed Jessica
  1183 | D:2      | Reached XP level 5. HP: 34/49 MP: 4/4
  1265 | D:3      | Noticed Ijyb
  1271 | D:3      | Killed Ijyb
  1583 | D:3      | Found a runed translucent door.
  1584 | D:3      | Noticed Crazy Yiuf
  1594 | D:3      | Killed Crazy Yiuf
  1595 | D:3      | Reached XP level 6. HP: 19/59 MP: 5/5
  2101 | D:4      | Reached skill level 5 in Unarmed Combat
  2625 | D:5      | Entered Level 5 of the Dungeon
  2638 | D:5      | Reached skill level 5 in Shapeshifting
  2638 | D:5      | Reached XP level 7. HP: 34/67 MP: 6/6
  2738 | D:5      | Found a broken altar of Ashenzari.
  2779 | D:5      | Noticed Grinder
  2795 | D:5      | Paralysed by Grinder for 3 turns
  2799 | D:5      | Killed Grinder
  2943 | D:5      | Reached skill level 6 in Unarmed Combat
  3005 | D:5      | Reached XP level 8. HP: 78/78 MP: 7/7
  3008 | D:5      | Found a radiant altar of Vehumet.
  3010 | D:5      | Found a glowing silver altar of Zin.
  3014 | D:5      | Found a shimmering blue altar of Sif Muna.
  3018 | D:5      | Found a glowing golden altar of the Shining One.
  3654 | D:6      | Identified the +0 scale mail of the Invisible Moons {Fly}
  3925 | D:6      | Reached skill level 5 in Fighting
  3925 | D:6      | Reached skill level 1 in Shields
  3955 | D:6      | Noticed Menkaure
  3967 | D:6      | Killed Menkaure
  3968 | D:6      | Reached skill level 7 in Unarmed Combat
  4098 | D:6      | Found a staircase to the Ecumenical Temple.
  4410 | Temple   | Entered the Ecumenical Temple
  4431 | Temple   | Became a worshipper of Uskayaw the Reveller
  4465 | D:7      | Reached * piety under Uskayaw
  4466 | D:7      | Reached XP level 9. HP: 49/88 MP: 8/8
  4470 | D:7      | Reached ** piety under Uskayaw
  4471 | D:7      | Reached *** piety under Uskayaw
  4477 | D:7      | Reached **** piety under Uskayaw
  4479 | D:7      | Reached skill level 1 in Invocations
  4711 | D:7      | Paralysed by a hornet for 2 turns
  4850 | D:7      | Reached ***** piety under Uskayaw
  4967 | D:7      | Reached skill level 8 in Unarmed Combat
  5264 | D:8      | Noticed a deep elf pyromancer
  5273 | D:8      | Noticed a centaur warrior
  5276 | D:8      | Killed a deep elf pyromancer
  5277 | D:8      | Reached XP level 10. HP: 21/98 MP: 11/11
  5278 | D:8      | Shot with an arrow by a centaur warrior

Illustrated notes

Levels and vault maps discovered:
D:1:      nzn_arrival_water_spiral, layout_basic
D:2:      minmay_chambers_of_twos, layout_rooms, basic_altar,
          nicolae_figureground_sparkle, uniq_robin, uniq_jessica
D:3:      layout_loops_cross, serial_forest, infiniplex_forest_zigzag_1,
          infiniplex_forest_straight_2, infiniplex_forest_clump_medium,
          infiniplex_forest_lined_3, infiniplex_forest_lined_ring,
          infiniplex_forest_straight_1, infiniplex_forest_clump_curved,
          uniq_ijyb, uniq_crazy_yiuf_cottage
D:4:      layout_loops_ring
D:5:      cheibrodos_quashed, layout_basic,
          nicolae_overflow_macrodata_refinement,
          mainiacjoe_overflow_small_starburst, uniq_grinder
D:6:      layout_loops_ring, minmay_temple_entry_from_below_a,
          minmay_misc_feat_roman, uniq_menkaure
D:7:      layout_rooms, serial_undead, serial_undead_a, serial_undead_c,
          serial_undead_f, serial_undead_d, serial_undead_b, serial_undead_c
D:8:      minmay_curly_fans, layout_basic, serial_shops,
          nicolae_shop_just_a_little_nook
Temple:   bh_familiar_temple

Skill      XL: |  1  2  3  4  5  6  7  8  9 |
---------------+----------------------------+-----
Fighting       | 1 2 3 4 5 6 |  6.2
Unarmed Combat | 4 5 6 7 8 |  8.2
Shapeshifting  | 4 5 6 7 |  7.6
Shields        | 2 4 |  4.1
Invocations    | 3 |  3.3
Dodging        | |  1.5

Action                     |  1- 3 |  4- 6 |  7- 9 | 10-12 || total
---------------------------+-------+-------+-------+-------++-------
  Melee: Unarmed           |    83 |   144 |   227 |       ||   454
         Punch             |     1 |     4 |     9 |       ||    14
   Stab: Sleeping          |     1 |       |       |       ||     1
         Paralysed         |       |       |     3 |       ||     3
 Armour: Animal skin       |    53 |   100 |   108 |       ||   261
         Steam dragon scal |       |       |    79 |     2 ||    81
  Dodge: Dodged            |    31 |    48 |   100 |       ||   179

Table legend: (Time is in decaauts)
 A = Elapsed time spent in this place.
 B = Non-inter-level travel time spent in this place.
 C = Inter-level travel time spent in this place.
 D = Time resting spent in this place.
 E = Time spent auto-exploring this place.
 F = Levels seen in this place.
 G = Mean time per level.
                   A        B        C        D        E       F      G
               +--------+--------+--------+--------+--------+-----+--------+
         Total |   5235 |   4979 |    256 |    230 |   3774 |   9 |  581.7 |
       Dungeon |   5194 |   4975 |    219 |    230 |   3774 |   8 |  649.2 |
        Temple |     40 |      3 |     37 |      0 |      0 |   1 |   40.0 |
               +--------+--------+--------+--------+--------+-----+--------+

Top non-repeatable levels by time:
     D:6: 898 daAuts
     D:5: 864 daAuts
     D:3: 754 daAuts
     D:7: 747 daAuts
     D:4: 635 daAuts
     D:1: 610 daAuts
     D:2: 607 daAuts
     D:8: 75 daAuts
  Temple: 40 daAuts
